 Dungeon Crawl Stone Soup version 0.22-a0-76-gd698a02 (webtiles) character file.

2109 shenanigans the Fighter (level 9, -11/74 HPs)
             Began as a Barachi Monk on Jan 13, 2018.
             Killed from afar by marriedatthemol's ghost (19 damage)
             ... with a stone arrow
             ... on level 6 of the Dungeon.
             The game lasted 00:16:47 (7991 turns).

shenanigans the Fighter (Barachi Monk)              Turns: 7991, Time: 00:16:48

Health: -11/74     AC: 15    Str: 14    XL:     9   Next: 28%
Magic:  9/9        EV:  7    Int: 13    God:
Gold:   409        SH:  0    Dex: 19    Spells: 8/8 levels left

rFire    . . .     SeeInvis +   B - +4 war axe (curse)
rCold    . . .     Gourm    .   (no shield)
rNeg     . . .     Faith    .   n - +0 plate armour
rPois    .         Spirit   .   (no helmet)
rElec    .         Reflect  .   (no cloak)
rCorr    .         Harm     .   h - +1 pair of gloves
MR       .....                  (no boots)
Stlth    ..........             (no amulet)
HPRegen  0.22/turn              F - ring of see invisible
MPRegen  0.11/turn              q - +5 ring of dexterity

@: lethally poisoned (-11 -> -14), drained, slow
A: +LOS, swims, slowness 1, strong legs 1
a: Hop


You were on level 6 of the Dungeon.
You were hungry.

You visited 2 branches of the dungeon, and saw 7 of its levels.

You collected 409 gold pieces.

Inventory:

Hand Weapons
 a - a +0 hand axe
 j - a +0 dagger of venom
 B - a cursed +4 war axe (weapon)
 D - a +0 war axe
Missiles
 H - 3 poisoned javelins (quivered)
 I - 2 tomahawks
Armour
 b - a +0 robe
 g - a +0 chain mail
 h - a +1 pair of gloves (worn)
 n - a +0 plate armour (worn)
Jewellery
 q - a +5 ring of dexterity (right hand)
 t - the ring of Leaves {rN+ Dex+3}
   (You found it on level 4 of the Dungeon)

   [ring of positive energy]

   It affects your dexterity (+3).
   It protects you from negative energy.
 w - an uncursed ring of protection from fire
 y - an uncursed ring of protection from magic
 E - an uncursed ring of protection from magic
 F - a ring of see invisible (left hand)
Wands
 e - a wand of iceblast (2)
 i - a wand of disintegration (9)
 p - a wand of polymorph (19)
 C - a wand of digging (3)
Scrolls
 d - a scroll of immolation {unknown}
 f - 2 scrolls of enchant armour
 k - a scroll of noise {unknown}
 m - a scroll of remove curse {unknown}
 o - 2 scrolls of magic mapping {unknown}
 s - a scroll of teleportation {unknown}
 u - 3 scrolls of identify {unknown}
Potions
 l - a potion of cancellation {unknown}
 r - a potion of heal wounds {unknown}
 v - a potion of mutation {unknown}
 x - a potion of resistance {unknown}
 z - a potion of might {unknown}
 A - 2 potions of curing
 G - a potion of flight
Comestibles
 c - 13 rations


   Skills:
 + Level 8.0(7.6) Fighting
 + Level 7.3(6.9) Axes
 + Level 7.0(6.6) Armour
 + Level 7.3(6.9) Dodging
 - Level 1.7(1.4) Stealth


You had 8 spell levels left.
You didn't know any spells.

Dungeon Overview and Level Annotations

Branches:
Dungeon (6/15)             Temple (1/1) D:5

Altars:
Ashenzari
Dithmenos
Fedhas
Gozag
Makhleb
Nemelex Xobeh
Qazlal
Ru
Trog
Uskayaw
Vehumet
Wu Jian
Xom
Zin
Jiyva

Shops:
D:5 (

Annotations:
D:4 exclusion: statue
D:6 marriedatthemol's ghost, novice GrEE


Innate Abilities, Weirdness & Mutations

Shadows flee at your approach. (+LOS)
You can swim through water.
You cover ground slowly.
You can hop short distances.


Message History

You are more poisoned.
You feel sick.
You feel sick.
You feel sick.
Marriedatthemol's ghost casts a spell at you.
The stone arrow hits you!
* * * LOW HITPOINT WARNING * * *
You feel sick.
Marriedatthemol's ghost casts a spell at you.
The stone arrow hits you!
* * * LOW HITPOINT WARNING * * *
You feel sick.
You feel sick.
You feel sick.
There is a stone staircase leading up here.
You see here a hand axe.
You feel sick.
Marriedatthemol's ghost points at you and mumbles some strange words.
The stone arrow hits you!
You die...

#....O...#####..# ###.###.
#...#...#.## #..## #..##.
#....#...#..# #...## ##....
#....######.# ###....######..
#..#.....##.###.[.##<........
#.# ##...O..............#..
#. #.....W................
#.........[..........##
#.....@....###########
#.....[....# #......)...#
#..........# #..........#
############


You could see an ogre and marriedatthemol's ghost.

Vanquished Creatures
  Prince Ribbit (D:5)
  An orc warrior (D:3)
  3 ogres
  A centaur (D:6)
  2 bullfrogs (D:6)
  The ghost of Hubris850 the Ruffian, an amateur VSTm (D:3)
  A scorpion (D:6)
  4 wights
  A bullfrog zombie (D:5)
  2 howler monkeys (D:4)
  A bullfrog skeleton (D:5)
  6 hounds
  2 jellies (D:5)
  3 orc priests
  2 iguanas
  Ijyb (D:3)
  4 orc wizards
  Natasha (thrice) (D:3 D:2)
  4 worker ants
  A howler monkey skeleton (D:4)
  9 adders
  2 shadow imps (D:5)
  4 worms
  2 dart slugs (D:2)
  2 leopard geckos
  16 orcs
  5 giant cockroaches
  6 goblins
  4 hobgoblins
  19 jackals
  7 quokkas
  8 bats
  10 frilled lizards
  6 kobolds
  A leopard gecko zombie (D:6)
  2 rats
147 creatures vanquished.

Vanquished Creatures (others)
  A bullfrog (D:6)
1 creature vanquished.

Grand Total: 148 creatures vanquished

Notes
Turn   | Place    | Note
-------+----------+-------------------------------------------
     0 | D:1      | shenanigans the Barachi Monk began the quest for the Orb.
     0 | D:1      | Reached XP level 1. HP: 18/18 MP: 1/1
    97 | D:1      | Reached XP level 2. HP: 18/25 MP: 2/2
   589 | D:1      | Reached skill level 1 in Armour
   646 | D:1      | Reached skill level 4 in Fighting
   843 | D:2      | Reached XP level 3. HP: 14/30 MP: 3/3
  1171 | D:2      | Reached XP level 4. HP: 31/37 MP: 4/4
  1336 | D:2      | Noticed a big kobold
  2104 | D:2      | Reached XP level 5. HP: 39/43 MP: 5/5
  2578 | D:3      | Found a shattered altar of Ashenzari.
  2602 | D:3      | HP: 2/43 [poisoned by an orc]
  2881 | D:3      | Found a hide-covered altar of Uskayaw.
  2959 | D:3      | Noticed Natasha
  2996 | D:3      | Killed Natasha
  3097 | D:3      | Noticed an orc warrior
  3117 | D:3      | HP: 2/64 [orc warrior/halberd (14)]
  3127 | D:3      | Killed an orc warrior
  3127 | D:3      | Reached skill level 5 in Fighting
  3127 | D:3      | Reached XP level 6. HP: 6/51 MP: 6/6
  3391 | D:3      | Noticed Hubris850's ghost (amateur VSTm)
  3436 | D:3      | Noticed Natasha
  3694 | D:2      | Killed Natasha
  3741 | D:2      | Noticed Natasha
  3750 | D:2      | Killed Natasha
  3750 | D:2      | Reached skill level 5 in Dodging
  4085 | D:3      | Killed Hubris850's ghost
  4085 | D:3      | Reached skill level 5 in Axes
  4085 | D:3      | Reached XP level 7. HP: 17/57 MP: 7/7
  4413 | D:3      | Found a faded altar of an unknown god.
  4634 | D:3      | Noticed Ijyb
  4654 | D:3      | Killed Ijyb
  4996 | D:3      | Found a stormy altar of Qazlal.
  5082 | D:4      | Reached skill level 6 in Fighting
  5153 | D:4      | Found a radiant altar of Vehumet.
  5293 | D:4      | Reached XP level 8. HP: 48/65 MP: 8/8
  5309 | D:4      | Reached skill level 5 in Armour
  5330 | D:4      | Got a smoking glass ring
  5331 | D:4      | Identified the ring of Leaves {rN+ Dex+3} (You found it on level 4 of the Dungeon)
  5362 | D:4      | Found a burning altar of Makhleb.
  5372 | D:4      | Found a glowing silver altar of Zin.
  5372 | D:4      | Noticed an angel
  5373 | D:4      | Noticed a balrug
  5737 | D:5      | Entered Level 5 of the Dungeon
  5888 | D:5      | Found a staircase to the Ecumenical Temple.
  5896 | Temple   | Entered the Ecumenical Temple
  6264 | D:5      | Noticed Prince Ribbit
  6287 | D:5      | Killed Prince Ribbit
  6579 | D:5      | Found Vebul's Weapon Emporium.
  6975 | D:5      | Reached skill level 7 in Fighting
  7356 | D:5      | Reached XP level 9. HP: 40/72 MP: 9/9
  7688 | D:6      | Noticed marriedatthemol's ghost (novice GrEE)
  7886 | D:6      | Reached skill level 8 in Fighting
  7991 | D:6      | Killed from afar by marriedatthemol's ghost

Vault maps used:
D:1:      lightli_arrival_statue_moat
D:2:      serial_corexii_hall, corexii_hall_statues_u, corexii_hall_statues_x,
          corexii_hall_statues_s, corexii_hall_statues_l, minmay_misc_feat_room,
          kennysheep_big_empty_room, lightli_corner_chamber
D:3:      grunt_temple_overflow_open, nicolae_overflow_hidden_temple,
          chequers_ecumenical_altar_simple, bh_chokoban, uniq_natasha, uniq_ijyb
D:4:      grunt_temple_overflow_order_and_chaos_2, vehumet_statue, first_ration
D:5:      minmay_temple_entry_butterflies, serial_shops, shop,
          uniq_prince_ribbit1
D:6:      lemuel_zombie_altar_yredelemnul
Temple:   pf_slime_end_temple

Skill      XL: |  1  2  3  4  5  6  7  8  9 |
---------------+----------------------------+-----
Armour         | 1 2 3 4 6 7 |  7.0
Fighting       | 4 5 6 7 8 |  8.0
Dodging        | 4 5 6 7 |  7.3
Axes           | 4 5 6 7 |  7.3
Stealth        | |  1.7

Action                   |  1- 3 |  4- 6 |  7- 9 || total
-------------------------+-------+-------+-------++-------
Melee: Hand axe          |   135 |   177 |    15 ||   327
       Dagger            |       |   103 |   351 ||   454
       War axe           |       |       |    42 ||    42
Throw: Tomahawk          |       |       |     4 ||     4
       Javelin           |       |       |     3 ||     3
 Abil: Hop               |     1 |     1 |       ||     2
Evoke: Wand              |       |       |     2 ||     2
  Use: Potion            |     1 |     8 |     1 ||    10
       Scroll            |     1 |       |       ||     1
 Stab: Invisible         |       |     1 |       ||     1
  Eat: Chunk             |     1 |     8 |     9 ||    18
       Ration            |       |     1 |     1 ||     2
Armor: Robe              |    19 |       |       ||    19
       Chain mail        |   100 |    33 |       ||   133
       Plate armour      |       |   154 |   309 ||   463
       Skin              |       |    10 |       ||    10
Dodge: Dodged            |    95 |    77 |   148 ||   320

Table legend:
 A = Spawn XP
 B = Non-spawn XP
 C = Spawn XP percentage of total XP
 D = Spawn monster count
 E = Non-spawn monster count
 F = Spawn count percentage of total count
 G = Total turns spent on level
                    A         B        C        D         E        F      G
               +---------+---------+-------+---------+---------+-------+---------
         Total |       0 |    3014 |   0.0 |       0 |     148 |   0.0 |  7991
               +---------+---------+-------+---------+---------+-------+---------
           D:1 |       0 |      31 |   0.0 |       0 |      20 |   0.0 |   741
           D:2 |       0 |     233 |   0.0 |       0 |      36 |   0.0 |  2296
           D:3 |       0 |     471 |   0.0 |       0 |      29 |   0.0 |  2033
           D:4 |       0 |     517 |   0.0 |       0 |      23 |   0.0 |   667
           D:5 |       0 |     640 |   0.0 |       0 |      11 |   0.0 |  1683
           D:6 |       0 |    1122 |   0.0 |       0 |      29 |   0.0 |   436
               +---------+---------+-------+---------+---------+-------+---------
